 Dungeon Crawl Stone Soup version 0.22.0-6-g71bd7aa (webtiles) character file.

122 Amnesiac the Gusty (level 4, -4/30 HPs)
             Began as a Mummy Air Elementalist on Aug 14, 2018.
             Slain by an iguana (9 damage)
             ... on level 4 of the Dungeon.
             The game lasted 00:02:55 (993 turns).

Amnesiac the Gusty (Mummy Air Elementalist)          Turns: 993, Time: 00:02:56

Health: -4/30      AC:  4    Str: 11    XL:     4   Next: 78%
Magic:  0/10       EV: 12    Int: 15    God:
Gold:   11         SH:  0    Dex: 12    Spells: 4/11 levels left

rFire    x . .     SeeInvis .   (no weapon)
rCold    + . .     Gourm    .   (no shield)
rNeg     + + +     Faith    .   a - +0 robe
rPois    ∞         Spirit   .   e - +0 helmet
rElec    .         Reflect  .   (no cloak)
rCorr    .         Harm     .   d - +0 pair of gloves
MR       .....                  (no boots)
Stlth    ++........             (no amulet)
HPRegen  0.10/turn              (no ring)
MPRegen  0.12/turn              (no ring)

@: no status effects
A: no food or potions, fire vulnerability, cold resistance 1, negative energy
resistance 3, torment resistance, unbreathing
a: no special abilities


You were on level 4 of the Dungeon.
You were not hungry.

You visited 1 branch of the dungeon, and saw 4 of its levels.

You collected 11 gold pieces.

Inventory:

Missiles
 h - 2 curare-tipped needles
Armour
 a - a +0 robe (worn)
 d - a +0 pair of gloves (worn)
 e - a +0 helmet (worn)
Scrolls
 b - 4 scrolls of identify {!r, unknown}
 c - a scroll of noise {!r, unknown}
 f - a scroll of teleportation {!r, unknown}
 g - a scroll of enchant weapon {!r, unknown}


   Skills:
 - Level 1.5 Dodging
 - Level 1.5 Stealth
 + Level 4.0 Spellcasting
 - Level 0.7 Conjurations
 * Level 4.1 Air Magic


You had 4 spell levels left.
You knew the following spells:

 Your Spells              Type           Power        Failure   Level  Hunger
a - Shock                 Conj/Air       ##..         7%          1    N/A
d - Airstrike             Air            ###.......   32%         4    N/A
z - Swiftness             Chrm/Air       #.......     12%         2    N/A

Your spell library contained the following spells:

 Spells                   Type           Power        Failure   Level  Hunger
 Lightning Bolt           Conj/Air       ##........   88%         5    N/A
 Static Discharge         Conj/Air       ##......     21%         3    N/A

Dungeon Overview and Level Annotations

Branches:
Dungeon (4/15)
 Temple: D:4-7

Altars:
Zin

Annotations:
D:2 !


Innate Abilities, Weirdness & Mutations

You do not eat or drink.
Your flesh is vulnerable to fire.
You are immune to poison.
Your flesh is cold resistant. (rC+)
You are immune to negative energy. (rN+++)
You are immune to unholy pain and torment.
You can survive without breathing.


Message History

Adjust (i)tems, (s)pells, or (a)bilities?
Adjust which spell?
Okay, then.
You start resting.
HP restored.
Things that are here:
a giant club; an ogre corpse An iguana comes into view.
The iguana hisses angrily.
Found a scroll labeled VYRYEP KYBOF.
You see here 2 curare-tipped needles.
h - 2 curare-tipped needles
Found 18 arrows.
Found a ration and 9 gold pieces.
Casting: Shock (safe; 7% risk of failure)
Confirm with . or Enter, or press ? or * to list all spells.
Aiming: Shock (safe; 7% risk of failure)
Press: ? - help, Shift-Dir - straight line The zap hits the iguana.
The iguana is lightly wounded.
The zap hits the iguana.
The iguana is lightly wounded.
The iguana bites you!
Casting: Shock (safe; 7% risk of failure)
Confirm with . or Enter, or press ? or * to list all spells.
Aiming: Shock (safe; 7% risk of failure)
Press: ? - help, Shift-Dir - straight line The zap hits the iguana.
The iguana is moderately wounded.
The zap misses the iguana.
The iguana bites you!
* * * LOW HITPOINT WARNING * * *
Casting: Shock (safe; 7% risk of failure)
Confirm with . or Enter, or press ? or * to list all spells.
Aiming: Shock (safe; 7% risk of failure)
Press: ? - help, Shift-Dir - straight line The zap hits the iguana.
The iguana appears unharmed.
The iguana is moderately wounded.
The zap hits the iguana.
The iguana is heavily wounded.
The iguana bites you.
* * * LOW HITPOINT WARNING * * *
Casting: Shock (safe; 7% risk of failure)
Confirm with . or Enter, or press ? or * to list all spells.
Aiming: Shock (safe; 7% risk of failure)
Press: ? - help, Shift-Dir - straight line The zap hits the iguana.
The iguana is severely wounded.
The zap hits the iguana.
The iguana is severely wounded.
The iguana bites you.
* * * LOW HITPOINT WARNING * * *
Casting: Shock (safe; 7% risk of failure)
Confirm with . or Enter, or press ? or * to list all spells.
You don't have enough magic to cast that spell.
Casting: Shock (safe; 7% risk of failure)
Confirm with . or Enter, or press ? or * to list all spells.
You don't have enough magic to cast that spell.
Casting: Shock (safe; 7% risk of failure)
Confirm with . or Enter, or press ? or * to list all spells.
Aiming: Shock (safe; 7% risk of failure)
Press: ? - help, Shift-Dir - straight line The zap misses the iguana.
The zap hits the iguana.
The iguana is severely wounded.
The iguana bites you!
You die...

.###.# #...# ..##?#
#...# #.##.# ...
#.##.########.#
)..........##.####
..##.#####.......#####
####.# #.##.##.....#
#.# ..(...##l###...#
#.##.#..##...@# .#
#.## #%.#####.# #..
....# #.. ### .#...
..## .#$.. ###


You could see an iguana.

Vanquished Creatures
  An ogre (D:4)
  2 adders
  An ooze (D:1)
  2 leopard geckos
  2 giant cockroaches
  A hobgoblin (D:2)
  A kobold (D:2)
  3 bats
  A frilled lizard (D:2)
  4 rats (D:2)
18 creatures vanquished.

Notes
Turn   | Place    | Note
-------+----------+-------------------------------------------
     0 | D:1      | Amnesiac the Mummy Air Elementalist began the quest for the Orb.
     0 | D:1      | Reached XP level 1. HP: 13/13 MP: 4/4
   121 | D:2      | Reached XP level 2. HP: 19/19 MP: 0/5
   125 | D:2      | Learned a level 2 spell: Swiftness
   165 | D:2      | Found a glowing silver altar of Zin.
   755 | D:3      | Reached XP level 3. HP: 12/24 MP: 0/7
   924 | D:4      | Noticed an ogre
   962 | D:4      | Killed an ogre
   962 | D:4      | Reached XP level 4. HP: 29/30 MP: 1/10
   968 | D:4      | Learned a level 4 spell: Airstrike
   993 | D:4      | Slain by an iguana

Skill      XL: |  1  2  3 |
---------------+----------+-----
Air Magic      | 3 4 |  4.1
Spellcasting   | 3 4 |  4.0
Dodging        | |  1.5
Stealth        | |  1.5
Conjurations   | |  0.7

Action                   |  1- 3 |  4- 6 || total
-------------------------+-------+-------++-------
Melee: Unarmed           |    27 |       ||    27
 Cast: Shock             |    62 |     6 ||    68
Armor: Robe              |    18 |       ||    18
Dodge: Dodged            |    64 |       ||    64
